 Dungeon Crawl Stone Soup version 0.28-a0-1143-gcf6077d4cc (webtiles) character file.

Game seed: 2415977437790124735

5 spaghetti the Sneak (level 1, -1/20 HPs)
             Began as a Djinni Delver on Dec 14, 2021.
             Killed from afar by an orc wizard (9 damage)
             ... with a magic dart
             ... on level 3 of the Dungeon.
             The game lasted 00:00:37 (203 turns).

spaghetti the Sneak (Djinni Delver)                  Turns: 203, Time: 00:00:38

Health: -1/20      AC:  3    Str: 11    XL:     1   Next: 88%
Gold:   0          EV: 12    Int: 11    God:
                   SH:  0    Dex: 14

rFire   + + .      SeeInvis .     - Unarmed
rCold   x . .      Faith    .   (no shield)
rNeg    . . .      Spirit   .   a - +0 leather armour
rPois   ∞          Reflect  .   (no helmet)
rElec   .          Harm     .   (no cloak)
rCorr   .          Rampage  .   (no gloves)
Will    .....                   (boots unavailable)
Stlth   ++........              (no amulet)
HPRegen 0.06/turn               (no ring)
MPRegen 0.00/turn               (no ring)

@: flying
A: sickness immunity, fire resistance 2, cold vulnerability 1, float, innate
caster, hp casting, extra vitality 1
a: no special abilities


You were on level 3 of the Dungeon.
You visited 1 branch of the dungeon, and saw 3 of its levels.


Innate Abilities, Weirdness & Mutations

You are immune to sickness and miasma.
You are immune to poison.
Your flesh is very heat resistant. (rF++)
You are vulnerable to cold. (rC-)
You float through the air rather than walking.
You learn spells naturally, not from books.
Your magical power is your life essence.
You have superior vitality. (+4 HP)


   Skills:
 - Level 3.0 Fighting
 - Level 2.1 Dodging
 + Level 4.3 Stealth
 - Level 2.0 Unarmed Combat


You couldn't memorise any spells.
You didn't know any spells.
Your spell library was empty.

Inventory:

Hand Weapons
 g - a +0 short sword {short}
   (You took it off an orc on level 3 of the Dungeon)
Missiles
 c - 17 arrows
Armour
 a - a +0 leather armour (worn)
Wands
 f - a wand of digging (3)
Scrolls
 b - a scroll of fog
 d - a scroll of fear
Potions
 e - a potion of haste {@q3}

Dungeon Overview and Level Annotations

Branches:
Dungeon (5/15)
 Temple: D:4-7

Altars:
Wu Jian

#... #..# #..#
#..### ######
#.... ...... #...
#.....
###..#####.>#####
#....[>.........#
#.#..##..o@.....#
#..##...........
#.###.........##
#..r{.........#
#.###.........#
#)# #.........#
r.. ..........#
........w...#...
###.######...#...


You could see a dart slug (wandering), an orc and a quokka.


Message History

You barely miss the ball python. The ball python bites you.
The ball python constricts you. 😮 HP[-4]
You take 4 damage, and now have 14/20 hp.
You are too injured to fight recklessly!
You are too injured to fight recklessly!
You are too injured to fight recklessly!
You are too injured to fight recklessly!
You are too injured to fight recklessly!
You are too injured to fight recklessly!
You are too injured to fight recklessly!
You are too injured to fight recklessly!
You are too injured to fight recklessly!
You are too injured to fight recklessly!
You are too injured to fight recklessly!
You are too injured to fight recklessly!
You are too injured to fight recklessly!
You are too injured to fight recklessly!
You are too injured to fight recklessly!
You are too injured to fight recklessly!
Unknown command.
You hit the ball python.
You kill the ball python!
You start resting. 😎 HP[+6]
Your hp is fully restored (20).
c - 17 arrows
There is a stone staircase leading down here.
g - a +0 short sword {short} You see here a +0 chain mail.
An orc comes into view. It is wielding a +0 war axe.
An orc is nearby!
An orc comes into view. It is wielding a +0 dagger.
An orc wizard comes into view. It is wielding a +0 dagger.
A quokka comes into view.
The orc wizard shouts!
The orc shouts! x2
The orc hits you with a +0 war axe. 😕 HP[-1]
You take 1 damage, and now have 19/20 hp.
You hit the orc. The orc barely misses you.
You barely miss the orc. The orc barely misses you.
You hit the orc but do no damage. The orc closely misses you.
You hit the orc.
The orc hits you with a +0 war axe. 😕 HP[-3]
You take 3 damage, and now have 16/20 hp.
You hit the orc. The orc barely misses you. 😕 HP[+1]
You barely miss the orc. You punch the orc.
You kill the orc!
You hit the orc but do no damage. The orc closely misses you.
You hit the orc. The orc misses you.
You completely miss the orc.
The orc hits you with a +0 dagger. 😮 HP[-3]
You take 3 damage, and now have 14/20 hp.
You are too injured to fight recklessly!
You are too injured to fight recklessly!
You are too injured to fight recklessly!
You are too injured to fight recklessly!
You are too injured to fight recklessly!
You are too injured to fight recklessly!
You are too injured to fight recklessly!
You are too injured to fight recklessly!
You are too injured to fight recklessly!
You are too injured to fight recklessly!
You are too injured to fight recklessly!
You are too injured to fight recklessly!
Unknown command.
You are too injured to fight recklessly!
You are too injured to fight recklessly!
You are too injured to fight recklessly!
You barely miss the orc. The orc hits you with a +0 dagger.
The orc wizard mumbles some strange words.
The orc wizard flickers and vanishes!
Deactivating autopickup; reactivate with Ctrl-A. 😮 HP[-1]
You take 1 damage, and now have 13/20 hp.
You hit the orc but do no damage. The orc barely misses you.
Unknown command.
You hit the orc but do no damage. The orc barely misses you.
You barely miss the orc. The orc closely misses you.
Okay, then.
You barely miss the orc. The orc closely misses you.
Okay, then.
You hit the orc. The orc hits you but does no damage.
You hit the orc but do no damage. The orc hits you with a +0 dagger.
* * * LOW HITPOINT WARNING * * *
😨 HP[-4]
You take 4 damage, and now have 9/20 hp.
You hit the orc. The orc barely misses you.
Unknown command.
A dart slug comes into view. 😨 HP[+1]
A puff of flame appears from out of thin air!
The puff of flame hits you. You resist.
* * * LOW HITPOINT WARNING * * *
😨 HP[-2]
You take 2 damage, and now have 8/20 hp.
A magic dart appears from out of thin air!
The magic dart hits you!
You die...

Action                   || total
-------------------------++-------
Melee: Unarmed           ||    23
       Punch             ||     2
  Use: Scroll            ||     1
Armor: Leather armour    ||     1
Dodge: Dodged            ||    14

Levels and vault maps discovered:
D:3:      layout_loops_ring
D:4:      layout_gridville, mainiacjoe_overflow_six_doors_small,
          tso_oasis_becter, gammafunk_ghost_cemetery, serial_rivers,
          chequers_serial_rivers_large_a, chequers_serial_rivers_micro_d,
          chequers_serial_rivers_room_a, chequers_serial_rivers_room_b,
          chequers_serial_rivers_small_b, chequers_serial_rivers_marsh,
          uniq_menkaure
D:5:      layout_rooms, grunt_qazlal_clouds, doesnt_xom_only_xom

Notes
Turn   | Place    | Note
-------+----------+-------------------------------------------
     0 | D:5      | spaghetti the Djinni Delver began the quest for the Orb.
     0 | D:5      | Reached XP level 1. HP: 20/20 MP: 0/0
     0 | D:5      | magus.rc [v1.9.6]
    16 | D:5      | Noticed an iguana
    42 | D:4      | Noticed an orc priest
    46 | D:4      | Found an ornate altar of the Wu Jian Council.
   177 | D:3      | Noticed an orc wizard
   203 | D:3      | Killed from afar by an orc wizard

Vanquished Creatures
  2 orcs (D:3)
  A ball python (D:3)
3 creatures vanquished.

Table legend:
 A = Non-vault XP
 B = Vault XP
 C = Vault XP percentage of total XP
 D = Non-vault monster count
 E = Vault monster count
 F = Vault count percentage of total count
                 A         B        C        D         E       F
            +---------+---------+-------+---------+---------+-------
      Total |       8 |       0 |   0.0 |       3 |       0 |   0.0
            +---------+---------+-------+---------+---------+-------
        D:3 |       8 |       0 |   0.0 |       3 |       0 |   0.0
            +---------+---------+-------+---------+---------+-------

Illustrated notes

Table legend:
 A = Kills in this place as a percentage of kills in entire the game.
 B = Kills by you in this place as a percentage of kills by you in the entire game.
 C = Kills by friends in this place as a percentage of kills by friends in the entire game.
 D = Other kills in this place as a percentage of other kills in the entire game.
 E = Experience gained in this place as a percentage of experience gained in the entire game.
 F = Experience gained in this place divided by the number of levels of this place that you have seen.
                   A       B       C       D       E      F
               +-------+-------+-------+-------+-------+----------------------
         Total | 100.0 | 100.0 |   N/A |   N/A | 100.0 |   2.7
       Dungeon | 100.0 | 100.0 |   N/A |   N/A | 100.0 |   2.7
               +-------+-------+-------+-------+-------+----------------------

Table legend: (Time is in decaauts)
 A = Elapsed time spent in this place.
 B = Non-inter-level travel time spent in this place.
 C = Inter-level travel time spent in this place.
 D = Time resting spent in this place.
 E = Time spent auto-exploring this place.
 F = Levels seen in this place.
 G = Mean time per level.
                   A        B        C        D        E       F      G
               +--------+--------+--------+--------+--------+-----+--------+
         Total |    201 |    198 |      3 |     91 |     25 |   3 |   67.0 |
       Dungeon |    201 |    198 |      3 |     91 |     25 |   3 |   67.0 |
               +--------+--------+--------+--------+--------+-----+--------+

Top non-repeatable levels by time:
     D:3: 133 daAuts
     D:5: 35 daAuts
     D:4: 32 daAuts
